 Dungeon Crawl Stone Soup version 0.21-a0-513-gdcb3f5e (webtiles) character file.

128 BingusPrime the Shield-Bearer (level 4, 0/44 HPs)
             Began as a Troll Fighter on Dec 1, 2017.
             Slain by a worker ant (7 damage)
             ... on level 3 of the Dungeon.
             The game lasted 00:06:00 (1882 turns).

BingusPrime the Shield-Bearer (Troll Fighter)       Turns: 1882, Time: 00:06:01

Health: 0/44       AC:  5    Str: 29    XL:     4   Next: 87%
Magic:  3/3        EV:  6    Int:  4    God:
Gold:   175        SH: 15    Dex: 10    Spells: 3/3 levels left

rFire    . . .     SeeInvis .   a - +0 flail
rCold    . . .     Gourm    +   k - +0 large shield
rNeg     . . .     Faith    .   b - +0 robe
rPois    .         Spirit   .   (helmet restricted)
rElec    .         Reflect  .   (no cloak)
rCorr    .         Harm     .   (gloves unavailable)
MR       .....                  (boots unavailable)
Stlth    +.........             (no amulet)
HPRegen  0.54/turn              (no ring)
MPRegen  0.08/turn              (no ring)

@: mighty, lethally poisoned (0 -> -1)
A: large, unfitting armour, claws 3, fast metabolism 3, gourmand, regeneration
1, shaggy fur 1, tough skin 2
a: no special abilities


You were on level 3 of the Dungeon.
You were not hungry.

You visited 1 branch of the dungeon, and saw 4 of its levels.

You collected 175 gold pieces.

Inventory:

Hand Weapons
 a - a +0 flail (weapon)
Armour
 b - a +0 robe (worn)
 c - a +0 shield
 k - a +0 large shield (worn)
Scrolls
 e - 2 scrolls of identify {unknown}
 g - a scroll of magic mapping {unknown}
 i - 2 scrolls of remove curse {unknown}
 m - a scroll of enchant weapon {unknown}
 o - a scroll of fog {unknown}
Potions
 h - a potion of haste {unknown}
 l - a potion of curing {unknown}
 n - a potion of heal wounds {unknown}
 p - 2 potions of degeneration {unknown}
Comestibles
 f - 3 bread rations
 j - a meat ration
 q - a royal jelly


   Skills:
 * Level 2.9 Fighting
 * Level 3.1 Maces & Flails
 + Level 2.9 Dodging
 + Level 0.3 Stealth
 + Level 3.1 Shields


You had 3 spell levels left.
You didn't know any spells.

Dungeon Overview and Level Annotations

Branches:
Dungeon (4/15)
 Temple: D:4-7

Altars:
Elyvilon
The Shining One


Innate Abilities, Weirdness & Mutations

You are too large for most types of armour.
You have claws for hands.
Your metabolism is lightning-fast.
You like to eat raw meat.
Your natural rate of healing is unusually fast.
You are covered in fur. (AC +1)
You have very tough skin. (AC +2)


Message History

You feel sick. You block the jackal's attack. The worker ant bites you.
* * * LOW HITPOINT WARNING * * *
You are more poisoned.
The worker ant poisons you!
The jackal bites you but does no damage.
The frilled lizard barely misses you.
You climb upwards.
You feel sick.
There is a stone staircase leading down here.
You feel very mighty all of a sudden.
You feel sick. The jackal barely misses you. The worker ant bites you.
* * * LOW HITPOINT WARNING * * *
You closely miss the worker ant.
You feel sick.
The jackal bites you but does no damage.
You block the worker ant's attack.
The jackal bites you but does no damage.
The worker ant bites you but does no damage.
You sock the worker ant!
The worker ant is severely wounded.
You feel sick. You block the jackal's attack. The worker ant bites you!
You die...

###############
.....[........########
..............la@h...#
#######.....#'######.#
#...........# #.#
#...........# #.#
#...........# #.#
#..........^# #.#
#...........# #.#
#...........# #.#
#.......<...# #.#


You could see a worker ant, a jackal and a frilled lizard.

Vanquished Creatures
  2 gnolls
  6 adders
  3 dart slugs
  3 leopard geckos
  An orc (D:3)
  2 giant cockroaches (D:3)
  4 hobgoblins
  7 jackals
  2 ball pythons
  3 bats
  3 frilled lizards (D:1)
  7 goblins
  A quokka skeleton (D:3)
  2 rats
46 creatures vanquished.

Notes
Turn   | Place    | Note
-------+----------+-------------------------------------------
     0 | D:1      | BingusPrime the Troll Fighter began the quest for the Orb.
     0 | D:1      | Reached XP level 1. HP: 22/22 MP: 0/0
   201 | D:1      | Reached XP level 2. HP: 29/29 MP: 1/1
   459 | D:1      | You fall through a shaft!
   601 | D:2      | Found a white marble altar of Elyvilon.
   792 | D:2      | Reached XP level 3. HP: 30/36 MP: 2/2
   961 | D:2      | Found a glowing golden altar of the Shining One.
  1178 | D:3      | Found a glowing drain.
  1260 | D:3      | Reached XP level 4. HP: 32/44 MP: 3/3
  1376 | D:3      | Found a faded altar of an unknown god.
  1882 | D:3      | Slain by a worker ant

Vault maps used:
D:1:      lightli_arrival_isolated_outpost, serial_glass, glass_columns_a,
          glass_columns_b, glass_columns_c, glass_columns_b, feat_on_display
D:2:      tso_oasis_becter, nicolae_overflow_crystal_walls
D:3:      gup_sewer_entry_glass, chequers_ecumenical_altar_island,
          minmay_box_of_dots
D:4:      lemuel_castle_with_subvaults, first_bread, kennysheep_cross_room,
          uniq_duvessa, uniq_grinder

Skill      XL: |  1  2  3  4 |
---------------+-------------+-----
Maces & Flails | 2 3 |  3.1
Shields        | 3 |  3.1
Fighting       | |  2.9
Dodging        | |  2.9
Stealth        | |  0.3

Action                   |  1- 3 |  4- 6 || total
-------------------------+-------+-------++-------
Melee: Flail             |   103 |    51 ||   154
  Use: Potion            |     1 |     1 ||     2
 Stab: Sleeping          |     1 |     1 ||     2
  Eat: Chunk             |    10 |     7 ||    17
Armor: Robe              |    36 |    44 ||    80
Dodge: Dodged            |    25 |    21 ||    46
Block: Shield            |    14 |       ||    14
       Large shield      |    60 |    75 ||   135

Table legend:
 A = Spawn XP
 B = Non-spawn XP
 C = Spawn XP percentage of total XP
 D = Spawn monster count
 E = Non-spawn monster count
 F = Spawn count percentage of total count
 G = Total turns spent on level
                    A         B        C        D         E        F      G
               +---------+---------+-------+---------+---------+-------+---------
         Total |       0 |     184 |   0.0 |       0 |      46 |   0.0 |  1882
               +---------+---------+-------+---------+---------+-------+---------
           D:1 |       0 |      27 |   0.0 |       0 |      15 |   0.0 |   459
           D:2 |       0 |      28 |   0.0 |       0 |       8 |   0.0 |   637
           D:3 |       0 |      92 |   0.0 |       0 |      16 |   0.0 |   722
           D:4 |       0 |      37 |   0.0 |       0 |       7 |   0.0 |    64
               +---------+---------+-------+---------+---------+-------+---------
